cohdb
Replays
Latest Replays
All Replays
Popular Replays
Top Player Replays
Match Explorer
How It Works
Community
CoH3 Stats
Reddit
Sign in to upload your games and track your stats! →
Sign in with Steam
Match 43067063
Unlisted
Match 43067063
Overview
Messages
Build Orders
End
Construct Barracks
Engineer Squad
Construct Barracks
Riflemen Squad
Riflemen Squad
Riflemen Squad
Infantry Support Center
Selects Armored Battlegroup
Selects Armored Battlegroup
Construct Medical Station
M1 Mortar Team
Construct Tank Depot
M4(105) Sherman Bulldozer
Selects Fast Deploy
Selects M8 Scott SPG
Selects UNKNOWN (2160077)
M1918 Browning Automatic Rifles
XuZhongwei
Veeh Youtube
0
0
Comments
sign in to comment!
No comments posted yet!